[Event "11th Festival Palmanova-A 2022"]
[Site "Strassoldo"]
[Date "2022.12.09"]
[Round "2.4"]
[White "Savanovic, Maksim"]
[Black "Neuschmied, Siegfried"]
[Result "1-0"]
[ECO "A41"]
[WhiteElo "2154"]
[BlackElo "2244"]
[Annotator "TA"]
[PlyCount "97"]
[EventDate "2022.12.08"]
[EventType "swiss"]
[EventCountry "ITA"]
[SourceTitle "playchess.com"]
[Source "ChessBase"]
[SourceQuality "1"]
[TimeControl "5400+30"]

1. d4 g6 2. Bf4 Bg7 3. Nf3 d6 4. e3 Nd7 5. h3 e5 6. Bh2 Nh6 {[%emt 0:00:20] A41: 1 d4 d6: Tartakower System and Modern Defence.} 7. Be2 O-O 8. O-O f5 {[%emt 0:00:27] The position is equal.} 9. c4 Qe7 10. Nc3 c6 {[%emt 0:00:21] Against Nd5} 11. b4 Nf7 12. c5 dxc5 13. dxc5 g5 14. Qb3 {[%emt 0:06:06] [#]} h5 $146 ({Predecessor:} 14... Kh8 15. Rad1 h5 16. Bc4 g4 17. hxg4 hxg4 18. Nh4 Qxh4 19. Bxf7 Qe7 20. Bc4 a5 {0-1 (30) Lenz,J (2305)-Szenetra,W (2240) Baden-Baden 1990}) 15. h4 (15. Nd2 $11) 15... gxh4 $15 16. Rad1 Kh8 17. Bc4 e4 18. Nxh4 Qxh4 $19 19. Bxf7 Qf6 $1 20. Be6 (20. Nb5 {was called for.} cxb5 21. Bxh5) 20... Nxc5 21. bxc5 {[%emt 0:00:18] Black must now prevent Bxc8.} Bxe6 (21... Qxe6 22. Ne2 $15) 22. Qxb7 Qxc3 23. Qxc6 Bxa2 24. Qg6 Qf6 {[%emt 0:01:20] Against Bd6} (24... Qxc5 25. Bd6 (25. Rd7 $2 Qc3 $19) 25... Qb5 26. Bxf8 Rxf8 27. Qxh5+ Kg8 28. Rd2 $17) 25. Qxh5+ Qh6 26. Qe2 Bf7 (26... Be6 $19 {Hoping for ...a5.} 27. Bf4 Qf6) 27. Rd6 $17 {[%emt 0:01:34] Inhibits a5.} Qh5 28. Qa6 Rg8 ({Black should play} 28... f4 $17 {Strongly threatening ...f3.} 29. Bxf4 Qxc5) 29. c6 $11 Kh7 {[%emt 0:19:17] And now ...Bh6 would win.} (29... Bf8 {looks sharper.} 30. Rd7 Qg6 31. Be5+ Bg7) 30. c7 Rh8 (30... Bh6 $11) 31. f3 (31. Rc1 $16 Rhc8 32. Rd7) 31... Bh6 {[%emt 0:05:06] Prevents c8Q.} (31... Rac8 $1 $11 {remains equal.} 32. Rd7 Rhe8) 32. f4 {[%emt 0:00:30] White is more active.} ({White must play} 32. fxe4 $1 $16 Bxe3+ 33. Kh1) 32... Rag8 33. Rf2 Bf8 34. c8=Q Bxd6 {[%emt 0:00:02] A strong pair of Bishops.} 35. Qd7 Kg7 $2 (35... Rd8 $11 36. Qaxd6 Rxd7 37. Qxd7 Rg8) 36. g4 $18 fxg4 (36... Kh7 $142) 37. Qdxd6 g3 38. Rg2 (38. Bxg3 $2 Qh1#) 38... Kh7 39. Bxg3 {[%emt 0:00:00] White wants to mate with f5.} Rg6 {[%emt 0:00:17] Against f5} 40. Rh2 $2 Rxg3+ $11 41. Kh1 {[%emt 0:00:30] Chess con chili.} Rh3 42. Qd2 {[%emt 0:00:30][%mdl 8192] [#]} (42. Qe2 $11 Qxe2 43. Rxh3+ Bh5 44. Qe7+ Kg6 45. Qe6+ Kh7 46. Qe7+ (46. Qxe4+ Kg8 $11) 46... Kg8 47. Qd8+ Kf7 48. Qd5+ Kg7 49. Qd4+ (49. Qxe4 Bf3+) (49. Qe5+ Kg8 $11) 49... Kh7 50. Qd7+ Kh6 51. Qe6+ Kh7 52. Qe7+ (52. Qxe4+ Kg8 $11)) 42... Be6 $4 43. Rxh3 $2 (43. Qxe6 {mates} Rxh2+ 44. Qxh2 Kg7 45. Qe7+ Kg8 46. Qxh5 Rxh5+ 47. Kg2 Rf5 48. Qxe4) 43... Bxh3 44. Qae2 $1 $40 {[%emt 0:00:32][%mdl 128] White has some attack.} (44. Qxa7+ Kg6) 44... Qh4 45. Qf2 Qg4 {[%emt 0:00:36][%mdl 8192] [#]} (45... Qh5 $11 {and Black is okay.} 46. Qfe2 Bg2+ 47. Kg1 (47. Kxg2 {gets mated.} Rg8+) 47... Qh1+ 48. Kf2 Qh4+ 49. Kg1 (49. Kxg2 Rg8+) 49... Qh1+ 50. Kf2 Qh4+ 51. Kg1 (51. Kxg2 Rg8+) 51... Qh1+) 46. Qde2 $1 $18 Qg7 (46... Qxe2 $18 47. Qxe2 Bf5) 47. Qh4+ (47. Qh5+ $142 Kg8 48. Qa2+ Kf8 49. Qa3+ Kg8 50. Qb3+ Kf8 51. Qb4+ Qe7 52. Qb8+ Bc8 53. Qxc8+ Qe8 54. Qcxe8+ Kg7 55. Qhxh8#) 47... Kg8 48. Qc4+ Qf7 49. Qxf7+ {[%emt 0:00:05] White used his chance.   Weighted Error Value: White=0.61/Black=0.87} (49. Qxe4 {is a self mate.} Rxh4 50. Qa8+ Kg7 51. Qc6 Bd7+ 52. Kg2 Bxc6+ 53. Kg3 Rh1 54. e4 Qg6+ 55. Kf3 Qxe4+ 56. Kg4 Qg6#) (49. Qd8+ $142 Kg7 50. Qcd4+ (50. Qxe4 Rxd8 51. Kh2 Bf5 52. Qg2+ Kf8 53. e4 Qh5+ 54. Kg1 Qh4 55. Qc2 Qg3+ 56. Kf1 Bh3+ 57. Ke2 Qg2+ 58. Ke3 Qxc2 59. f5 Qd2+ 60. Kf3 Rd3#) 50... Kg6 51. Q4xh8 Bg2+ 52. Kg1 Qxf4 53. Qdg8+ Kf5 54. Qf7+ Kg5 55. Qhh5#) 1-0

[Event "11th Festival Palmanova-A 2022"]
[Site "Strassoldo"]
[Date "2022.12.09"]
[Round "2.5"]
[White "Loiacono, Leonardo"]
[Black "Perossa, Nicolas"]
[Result "1-0"]
[ECO "E73"]
[WhiteElo "2271"]
[BlackElo "2195"]
[Annotator "TA"]
[PlyCount "65"]
[EventDate "2022.12.08"]
[EventType "swiss"]
[EventCountry "ITA"]
[SourceTitle "playchess.com"]
[Source "ChessBase"]
[SourceQuality "1"]
[TimeControl "5400+30"]

1. d4 Nf6 2. c4 g6 3. Nc3 Bg7 4. e4 d6 5. Be2 O-O 6. Be3 e5 7. d5 a5 8. g4 Na6 {[%emt 0:00:05] E73: King's Indian: Averbakh Variation without 6...c5.} 9. h4 Nd7 10. g5 f5 {[%emt 0:08:49] [#]} (10... c6 $14 {was preferrable.}) 11. gxf6 $1 $16 Nxf6 (11... Qxf6 $6 12. Qd2 $11) 12. h5 Nc5 13. hxg6 hxg6 14. Bf3 Bd7 15. Qe2 {[%emt 0:13:19] [#]} (15. Qd2 {looks sharper.} Ng4 16. Bxc5 dxc5 17. O-O-O) 15... Qc8 $146 (15... a4 $14) ({Predecessor:} 15... a4 16. Nh3 Nh7 17. O-O-O a3 18. b3 Qc8 19. Ng5 Nxg5 20. Bxg5 Rxf3 21. Qxf3 Bg4 {1-0 (32) Trachtmann,M (2273)-Carstens,A (2221) Wuerttemberg 2017}) 16. O-O-O Na4 17. Nxa4 Bxa4 18. Rf1 ({White should try} 18. Rd2 $16) 18... Bd7 $14 19. Kb1 c6 20. Rc1 c5 ({Better is} 20... a4) 21. Qd2 Rb8 22. Ne2 {[%emt 0:03:35] White is more active.} (22. Qxa5 $6 b5 23. Qd2 bxc4 $14) 22... b5 (22... Ng4 $16 23. Bxg4 Bxg4) 23. cxb5 (23. Qxa5 $2 b4 24. Rhg1 Ne8 $19) (23. Rcg1 $18 {Strongly threatening Bh6.} Ne8 24. Bg2) 23... Rxb5 (23... Bxb5 $16 {might work better.} 24. Rcg1 (24. Qxa5 $2 Nxd5 25. Qd2 Nb4 $19) 24... Be8) 24. Bh6 $18 {[%emt 0:01:35] [#] And now Rcg1 would win.} Bg4 $2 (24... Rb7) 25. Bxg7 Bxf3 26. Bxf8 $2 (26. Bxf6 $18 {has better winning chances.} Rxb2+ 27. Kxb2 Bxh1 28. Rxh1 Rxf6 29. Qh6 Qb7+ 30. Ka1) 26... Bxe4+ $2 {[%emt 0:01:43] A mistake that costs the game.} (26... Bxh1 $16 27. Rxh1 (27. Bxd6 Nxe4 28. Qe3 Qf5 $16) 27... Qxf8) 27. Ka1 {[%emt 0:00:04][%cal Oh1h8] Hoping for Rh8+!} Bxh1 (27... Qxf8 $142 28. Rh4 Rb7) 28. Bxd6 Be4 29. Bxe5 Qf5 (29... Rb6 $142 30. d6 (30. Qxa5 Nd7 $18) 30... Qe6) 30. f4 {[%emt 0:00:24] Threatens to win with Ng3.} Bf3 31. Ng3 Qg4 32. Bxf6 {[%emt 0:00:26] Threatening mate with Qh2.} Qxg3 33. d6 {[%emt 0:00:24] Weighted Error Value: White=0.33/Black=1.02} (33. Qe3 $142 Kh7 34. Rh1+ (34. Rxc5 Rxc5 35. Qe7+ Kh6 $11) 34... Bxh1 35. Qxg3 Rb7 36. Qh4+ Kg8 37. Qh8+ Kf7 38. Qg7+ Ke8 39. Qg8+ Kd7 40. Qd8#) 1-0

[Event "11th Festival Palmanova-A 2022"]
[Site "Strassoldo"]
[Date "2022.12.09"]
[Round "2.6"]
[White "Ceschia, Ivano"]
[Black "Casadio, Niccolo`"]
[Result "1/2-1/2"]
[ECO "D05"]
[WhiteElo "2217"]
[BlackElo "2095"]
[Annotator "TA"]
[PlyCount "126"]
[EventDate "2022.12.08"]
[EventType "swiss"]
[EventCountry "ITA"]
[SourceTitle "playchess.com"]
[Source "ChessBase"]
[SourceQuality "1"]
[TimeControl "5400+30"]

1. d4 e6 2. Nf3 Nf6 3. e3 d5 4. Bd3 c5 5. O-O Nc6 6. b3 Qc7 7. c4 {[%emt 0:16:34] D05: Colle System with ...e6.} dxc4 8. bxc4 Be7 9. Nc3 {[%emt 0:01:23] White has an edge.} O-O 10. d5 {[%emt 0:07:47] [#]} exd5 $146 ({Predecessor:} 10... Ne5 11. Nxe5 Qxe5 12. Qb3 exd5 13. cxd5 b5 14. f4 Qh5 15. Bxb5 Rb8 16. Qa3 a6 {1-0 (40) Kovalenko,S (2222)-Sergienko,S (2325) Voronezh 2018}) 11. cxd5 Nb4 (11... Ne5 $11) 12. Be2 $14 Bf5 13. a3 $1 Na6 14. Nd2 {[%emt 0:18:57] e4 is the strong threat.} Qe5 {[%emt 0:07:43] Inhibits e4.} (14... Bd6 $1 $14) 15. Qb3 Bd6 16. g3 Nc7 17. Nc4 Qe7 18. Bf3 Bd3 $1 19. Rd1 (19. Nxd6 $1 $14 Qxd6 20. Rd1) 19... Bxc4 $11 20. Qxc4 a6 21. e4 b5 22. Qe2 Rfe8 23. Re1 Qd7 (23... Nd7 $11) 24. Qd1 (24. Qc2 $14) 24... Be5 25. Bb2 a5 26. Qc2 c4 27. Nd1 Bxb2 28. Nxb2 Na6 (28... a4 $11) 29. a4 Rac8 $1 30. axb5 Qxb5 31. Qc3 (31. Re3 $5 ) 31... Qb4 32. Na4 (32. Rec1 {simplifies} Nc5 33. Qxb4 axb4 34. Rxc4 Ncxe4 35. Rxb4 g5 36. Bxe4 Rxe4 37. Rxe4 Nxe4 38. Nd1) 32... Nc5 {[%emt 0:00:38] Against e5} 33. Qxb4 axb4 34. Nb6 $1 {[%emt 0:00:02][%csl LRc4,LRc8] Against c3} Nb3 35. Nxc8 $16 Rxc8 {[%emt 0:03:03] [#]} (35... Nxa1 $16 36. Nd6 Nc2) 36. Ra4 ({White should try} 36. Ra7 $1 $18) 36... Nd2 {[%emt 0:00:41] [#] Inhibits e5.} (36... Nd4 $142 37. Kg2 c3) 37. Bd1 (37. Kg2 $1 $16 b3 38. Rb4) 37... b3 $132 {[%emt 0:00:43][%mdl 2048] Black is not holding back} 38. d6 {[%emt 0:00:30] Threatens to win with e5.} b2 (38... Ndxe4 $2 39. d7 Rd8 40. Rxc4 $18) (38... Nfxe4 $5 39. d7 Rd8 $11) 39. Bc2 {[%emt 0:00:49] Prevents b1Q. aiming for Kg2.} Nf3+ 40. Kf1 Nxe1 (40... Nxh2+ $2 41. Kg2 Nhg4 42. Rb4 $18) 41. Kxe1 {[%emt 0:00:02][%mdl 4096] Endgame KRB-KRN} g6 42. Kd2 (42. Ke2 $16) 42... c3+ 43. Kd3 Nd7 $1 {[%emt 0:00:30] And now ...Nc5+ would win.} 44. Ra7 Ne5+ 45. Ke2 Nc4 (45... b1=R $11 46. Bxb1 (46. d7 Nxd7 47. Bxb1 c2 $17) 46... c2 47. Bxc2 Rxc2+ 48. Ke3 Rc8) 46. Rc7 $14 {[%emt 0:03:29] Dancing on a razor blade.} Nxd6 47. Rxc8+ Nxc8 {[%emt 0:00:06] KB-KN} 48. Kd3 f6 ({Black should play} 48... g5) 49. Kxc3 $16 Kf7 50. Kxb2 Ke6 51. f4 g5 52. Kc3 gxf4 53. gxf4 Ne7 54. Bb3+ Kd6 55. Kd4 Nc6+ 56. Ke3 Kc5 57. h4 h6 58. Bd5 {[%emt 0:00:38] White wants to mate with Bxc6.} Ne7 59. Ba8 ({Better is} 59. Ba2 $16) 59... Ng6 (59... f5 $1 $14) 60. Kf3 ({Only move:} 60. h5 $16 Ne7 61. Kd3) 60... h5 $11 61. Kg3 {[%emt 0:00:31] Hoping for Bd5.} Kd4 62. e5 Nxe5 63. fxe5 $18 Kxe5 {[%emt 0:00:05][%mdl 32768] Weighted Error Value: White=0.22 (precise) /Black=0.28 (precise) . An unexpected result.} 1/2-1/2

[Event "11th Festival Palmanova-A 2022"]
[Site "Strassoldo"]
[Date "2022.12.09"]
[Round "2.7"]
[White "Ranfagni, Stefano"]
[Black "Iolis, Oleg"]
[Result "1-0"]
[ECO "B26"]
[WhiteElo "1934"]
[BlackElo "2212"]
[Annotator "TA"]
[PlyCount "69"]
[EventDate "2022.12.08"]
[EventType "swiss"]
[EventCountry "ITA"]
[SourceTitle "playchess.com"]
[Source "ChessBase"]
[SourceQuality "1"]
[TimeControl "5400+30"]

1. e4 c5 2. Nc3 d6 3. g3 g6 4. Bg2 Bg7 5. d3 Nc6 6. Be3 Rb8 7. Qd2 b5 8. Nge2 b4 {[%emt 0:02:38] The main line 8...b4 scores better than 8...Nd4.} 9. Nd1 $1 h5 {[%emt 0:04:50] B26: Closed Sicilian: 3 g3, lines with early Be3.} 10. h3 Nf6 11. f4 {[%emt 0:01:37][%cal Oe4e5] [#] e5! is the strong threat.} Nd7 {[%emt 0:02:12] Against e5. The position is equal.} 12. O-O {[%emt 0:01:31] [#]} a5 $146 ({Predecessor:} 12... Nb6 13. Kh2 Bd7 14. Rb1 Qc8 15. b3 Nd4 16. c3 bxc3 17. Ndxc3 f5 18. Rfc1 Nxe2 19. Nxe2 {0-1 (41) Djordjevic,V (2421)-Damljanovic,B (2548) Belgrade 2017}) 13. Rb1 Nd4 14. f5 gxf5 15. exf5 Nxe2+ (15... Rg8 $15) 16. Qxe2 $11 Bb7 17. Bf4 Bxg2 18. Kxg2 Be5 19. Ne3 Bxf4 20. Rxf4 Nf6 21. Nc4 Qc7 22. Re1 a4 23. Rf3 Kf8 24. Re3 Rb7 25. Qf3 {[%emt 0:01:42] [#] Hoping for Rxe7.} Ra7 $2 {[%emt 0:01:15][%mdl 8192] This move loses the game for Black.} ({Black should try} 25... Qc8 $14) 26. Rxe7 $18 Qxe7 27. Rxe7 {[%emt 0:00:04] White is clearly winning.} Rxe7 28. Nxd6 b3 29. axb3 axb3 30. cxb3 Kg7 31. Qf4 {[%emt 0:00:46] Black must now prevent Qg5+.} Rh6 32. Qg5+ Kh7 33. Ne4 Rxe4 34. dxe4 Nxe4 35. Qe7 {[%emt 0:00:46][%csl LRe4,LRf7] Weighted Error Value: White=0.05 (flawless) /Black=0.49} 1-0

[Event "11th Festival Palmanova-A 2022"]
[Site "Strassoldo"]
[Date "2022.12.09"]
[Round "2.8"]
[White "Capaliku, Aleks"]
[Black "Lumachi, Gabriele"]
[Result "0-1"]
[ECO "A45"]
[WhiteElo "2030"]
[BlackElo "2394"]
[Annotator "TA"]
[PlyCount "84"]
[EventDate "2022.12.08"]
[EventType "swiss"]
[EventCountry "ITA"]
[SourceTitle "playchess.com"]
[Source "ChessBase"]
[SourceQuality "1"]
[TimeControl "5400+30"]

1. d4 Nf6 2. Bf4 Nh5 3. Bd2 Nf6 4. Bf4 c5 5. e3 Nd5 6. Bg3 {[%emt 0:07:21] A45: Trompowsky Attack.} Qb6 7. Nc3 Nxc3 8. bxc3 {[%emt 0:00:03] The position is equal.} d6 {[%emt 0:04:42] [#]} 9. Qb1 $146 ({Predecessor:} 9. Bd3 Nc6 10. Nf3 g6 11. O-O Bg7 12. Qd2 O-O 13. Rab1 Qd8 14. h3 b6 15. d5 Na5 16. Rfe1 e5 17. e4 {0-1 (37) Grebnev,A (2469)-Makarian,R (2470) Sochi 2021}) 9... Nc6 10. Qxb6 axb6 11. Bb5 {[%emt 0:01:02] Black must now prevent d5.} Bd7 12. Ne2 Na5 13. a4 Bxb5 14. axb5 e6 15. O-O Be7 {[%emt 0:02:29] Against d5} 16. d5 exd5 17. Nf4 Kd7 18. Nxd5 Nc4 19. f3 Rhc8 20. e4 Bd8 21. Rfd1 Ra5 22. Rxa5 bxa5 23. Ra1 {[%emt 0:01:11] Inhibits a4.} (23. Kf2 $5 ) 23... Ra8 24. Ra4 Nb6 25. Nxb6+ Bxb6 $15 {[%emt 0:00:05][%mdl 4096] Endgame KRB-KRB} 26. c4 Ke6 27. Kf2 Bd8 28. Ke3 g5 29. Kd3 Bf6 30. Be1 b6 31. c3 Be5 32. g3 f5 33. Bd2 f4 34. g4 ({Better is} 34. gxf4 gxf4 35. Ke2) 34... h5 $17 35. gxh5 {[%emt 0:02:45][%mdl 8192] [#] Now White is beyond hope.} (35. h3 $17 {nothing else works.}) 35... Rh8 $19 36. Ra1 Rxh5 37. Rg1 Rxh2 38. Rxg5 Rf2 39. Rg8 ({Weaker is} 39. Rg6+ Kf7 40. Rg5 Rxf3+ 41. Ke2 Rg3 42. Bxf4 Bxf4 $19) 39... Rxf3+ 40. Ke2 Rh3 {[%emt 0:00:05] ...f3+ is the strong threat.} 41. Rb8 f3+ ({Inferior is} 41... Bxc3 42. Bxf4 Rh4 43. Be3 $17) 42. Ke3 {[%emt 0:00:32] [#]} Bf4+ $1 {[%emt 0:00:47][%mdl 512] Weighted Error Value: White=0.54/Black=0.05 (flawless)} 0-1

[Event "11th Festival Palmanova-A 2022"]
[Site "Strassoldo"]
[Date "2022.12.09"]
[Round "2.9"]
[White "Negro, Roberto"]
[Black "Titze, Leo"]
[Result "0-1"]
[ECO "D05"]
[WhiteElo "2117"]
[BlackElo "2252"]
[Annotator "TA"]
[PlyCount "86"]
[EventDate "2022.12.08"]
[EventType "swiss"]
[EventCountry "ITA"]
[SourceTitle "playchess.com"]
[Source "ChessBase"]
[SourceQuality "1"]
[TimeControl "5400+30"]

1. Nf3 Nf6 2. d4 e6 3. e3 d5 4. Bd3 Bd6 5. Nbd2 Nbd7 6. O-O O-O 7. e4 dxe4 8. Nxe4 Nxe4 9. Bxe4 h6 {[%emt 0:03:31] D05: Colle System with ...e6.} 10. c4 c5 11. Be3 Qc7 {[%emt 0:16:52] The position is equal.} 12. Rc1 {[%emt 0:10:54] [#]} Rb8 $146 ({Predecessor:} 12... Rd8 13. Bb1 cxd4 14. Bxd4 b6 15. Qc2 Nf8 16. Qc3 f6 17. b4 Bb7 {1-0 (41) Mansson,L (2234)-Vernersson,P (2318) Sweden 2016}) 13. Bb1 b6 14. h3 Bb7 15. Qe2 Nf6 (15... Rfd8 {is interesting.} 16. Rcd1 Bxf3 17. Qxf3 cxd4 18. Bxd4 Bh2+) 16. Rfd1 (16. Rcd1 {simplifies} Rfd8 17. Rfe1 Rbc8 18. dxc5 Bxc5 19. Bxc5 Bxf3 20. Qxf3 Qxc5 21. b3) 16... Rbd8 (16... cxd4 {is more complex.} 17. Nxd4 Bh2+ 18. Kh1 Bf4) 17. dxc5 bxc5 18. Bd2 Qc6 19. Ne1 Bb8 20. Ba5 Rd4 21. Rxd4 cxd4 $40 {[%emt 0:00:02][%mdl 128] White needs to defend precisely.} 22. c5 {[%emt 0:00:14] Prevents Qd6.} e5 23. f3 ({White should play} 23. b4 $1 $15 Qd5 24. b5) 23... Qe6 ({Better is} 23... Re8 $17 {Strongly threatening ...e4.} 24. b4 a6) 24. b4 $2 (24. Bd3 $1 $15) 24... Nh5 $2 (24... e4 $19 25. fxe4 Bf4) 25. Be4 $2 (25. c6 $1 $11 {and White has nothing to worry.} Bxc6 26. Qc2) 25... Ng3 26. Qd3 Nxe4 27. fxe4 Qg6 ({Not} 27... Qxa2 28. c6 Rc8 29. c7 (29. cxb7 $2 Rxc1 30. Kf1 Qa1 $19) 29... Bxc7 30. Rxc7 Rxc7 31. Bxc7 $14) 28. Qc4 (28. Qd2 {was called for.}) 28... Bxe4 29. c6 d3 {[%emt 0:00:47] [#] ...d2 is the strong threat.} 30. b5 Bc7 {[%emt 0:00:22] Chess con chili.} 31. Bd2 ({Much weaker is} 31. Bxc7 d2 32. Kf2 Qf5+ 33. Ke2 Bd5) (31. Qb4 Bd6 32. Qd2) 31... Bb6+ $19 32. Kh1 Qf5 33. Kh2 h5 34. Rc3 Rd8 35. c7 Rc8 {[%emt 0:00:05][%cal Of5f1,Bd8c8,Bc8c7,Bc7c2,Bc2d2][%mdl 32] Hoping for ...Qf1!} 36. Qa4 {[%emt 0:00:39] [#]} Qg6 $2 (36... Qf1 $1 {mates} 37. Qxa7 (37. Rc5 Bxc5) 37... Bxa7 38. b6 Bxb6 39. Rc5 Bxc5 40. Be3 Bxe3 41. Nf3 Bf4+ 42. g3 Qf2+ 43. Kh1 Bxf3#) 37. Rc4 $2 (37. Qa6 Qf5 38. a3) 37... Bd5 {[%emt 0:00:26] A strong pair of Bishops.} 38. Qa6 Qe6 (38... Rxc7 $2 {loses.} 39. Rxc7 e4 40. Rd7 $19) 39. Rh4 Rxc7 {[%emt 0:00:28] White must now prevent ...Qf6.} 40. Nxd3 Rc2 {[%emt 0:00:28] Black mates.} 41. Nb4 Rxd2 42. Nxd5 Qxd5 43. Qc8+ Qd8 {[%emt 0:00:02] Weighted Error Value: White=1.55/Black=0.79} (43... Bd8 $142 44. Rg4 hxg4 45. Qxg4 e4 46. Qg3 Qxb5 47. Qf4 Qe2 48. Qxd2 Bc7+ 49. Kg1 Qxd2 50. g3 Bxg3 51. a4 Qh2+ 52. Kf1 Qf2#) 0-1

[Event "11th Festival Palmanova-A 2022"]
[Site "Strassoldo"]
[Date "2022.12.09"]
[Round "2.10"]
[White "Hercegovac, Neven"]
[Black "Liloni, Francesco Mattia"]
[Result "0-1"]
[ECO "C55"]
[WhiteElo "2230"]
[BlackElo "1909"]
[Annotator "TA"]
[PlyCount "90"]
[EventDate "2022.12.08"]
[EventType "swiss"]
[EventCountry "ITA"]
[SourceTitle "playchess.com"]
[Source "ChessBase"]
[SourceQuality "1"]
[TimeControl "5400+30"]

1. e4 e5 2. Nf3 Nc6 3. Bc4 Nf6 4. d3 h6 5. c3 g5 6. d4 {[%emt 0:01:21] C55: Two Knights: 4 d3, 4 d4 exd4 5 e5 and Max Lange Attack.} exd4 7. e5 d5 8. Bb5 {[%emt 0:01:19][%cal Of3d4] Hoping for Nxd4! White is slightly better.} Ne4 9. Nxd4 (9. cxd4 {simplifies} Bg7 10. O-O O-O 11. Ne1) 9... Bd7 {[%emt 0:00:09] [#]} 10. e6 $146 ({Predecessor:} 10. O-O Nxe5 11. f3 Nd6 12. Re1 f6 13. Bd3 Qe7 14. Bg6+ Ndf7 15. Nf5 Bxf5 16. Bxf5 {0-1 (50) Donchenko,A (2658)-Ponkratov,P (2628) Chess.com INT 2020}) 10... fxe6 11. Bxc6 Bxc6 12. f3 (12. Qh5+ $11 Kd7 13. Nd2 (13. Qg6 Qe8 $17)) 12... Nf6 (12... Nc5 13. b4 $11) (12... Nd6 {simplifies} 13. Nxc6 bxc6 14. Be3 Nf5) 13. Qe2 Qe7 (13... Qd6 $17 {White must now prevent ...Bd7.} 14. Na3 Kf7 15. Nxc6 Qxc6) 14. Nxe6 (14. Nxc6 $15 bxc6 15. O-O) 14... Kf7 $17 15. Nxf8 Qxe2+ (15... Rhxf8 $6 16. Qxe7+ Kxe7 17. Be3 $11) (15... Re8 $17 16. Qxe7+ Rxe7+ 17. Kd2 Rxf8) 16. Kxe2 $15 Re8+ 17. Kf2 Rhxf8 {[%emt 0:03:56] Black is more active.} (17... Kxf8 $6 18. Na3 $11) 18. Be3 (18. Rd1 $142) 18... Kg6 $1 $17 19. Bd4 Bb5 {[%emt 0:02:45] Strongly threatening ...Re2+.} 20. Na3 $2 (20. Rd1 $17) 20... Re2+ $19 21. Kg1 Bd3 (21... Rxb2 22. c4 (22. Bxa7 $2 b6 $19) 22... Rd2 23. Nxb5 $11) 22. Rd1 {[%emt 0:02:23] [#]} Ne4 $1 23. h3 {[%emt 0:04:06] [#]} (23. Rxd3 $2 Re1#) (23. fxe4 $2 {is a self mate.} Bxe4) 23... Nd2 $1 24. Bf2 {[%emt 0:04:42] [#]} Rfe8 (24... Nxf3+ $1 $19 25. gxf3 Rxf3) 25. b3 (25. h4 $17 {was worth a try.}) 25... b5 26. Bxa7 Re1+ 27. Kh2 Nf1+ 28. Rxf1 Bxf1 29. Rxe1 Rxe1 {[%emt 0:00:07][%mdl 4096] Endgame KRB-KBN} 30. Nc2 {[%emt 0:00:02] Prevents Ra1.} Re2 31. Ne3 Rxa2 32. Bd4 Bd3 33. Nxd5 Ra3 (33... Rb2 $142 34. b4 c6) 34. b4 $17 Ra2 35. h4 c6 (35... gxh4 $2 36. Nf4+ (36. Nxc7 $2 {is the wrong capture.} Bf1 $19) 36... Kf5 37. Nxd3 $18) 36. Ne3 (36. Ne7+ $17 {keeps fighting.} Kf7 37. Nxc6) 36... gxh4 $19 37. Kh3 Kh5 38. Bf6 Re2 39. Bd4 (39. g4+ {was necessary.} Kg6 40. Bd4) 39... Kg5 {[%emt 0:01:30] aiming for ...Kf4.} 40. Nd1 Bf5+ 41. Kh2 h3 (41... h5 $142 {And now ...h3 would win.} 42. Nf2 Re1) 42. Nf2 (42. Ne3) 42... hxg2 {[%emt 0:00:15] Black is clearly winning.} 43. Kxg2 Kf4 44. Bg7 Re6 {[%emt 0:00:09] ( -> ...Rg6+)} 45. Bd4 Rg6+ {[%emt 0:00:08] Weighted Error Value: White=0.54/Black=0.18 (very precise)} 0-1

[Event "11th Festival Palmanova-A 2022"]
[Site "Strassoldo"]
[Date "2022.12.09"]
[Round "2.11"]
[White "Urbani, Gabriel"]
[Black "Persico, Lorenzo"]
[Result "1-0"]
[ECO "B33"]
[WhiteElo "2110"]
[BlackElo "1930"]
[Annotator "TA"]
[PlyCount "71"]
[EventDate "2022.12.08"]
[EventType "swiss"]
[EventCountry "ITA"]
[SourceTitle "playchess.com"]
[Source "ChessBase"]
[SourceQuality "1"]
[TimeControl "5400+30"]

1. e4 c5 2. Nf3 Nc6 3. d4 cxd4 4. Nxd4 Nf6 5. Nc3 e5 6. Ndb5 d6 7. Nd5 Nxd5 8. exd5 Nb8 9. a4 Be7 10. Be2 O-O 11. O-O {[%emt 0:04:28] B33: Sicilian: Pelikan and Sveshnikov Variations.} f5 12. f4 {[%emt 0:05:05] [#] aiming for fxe5.} Nd7 13. a5 {[%emt 0:04:34] The position is equal.} a6 14. Nc3 b5 15. axb6 Qxb6+ 16. Kh1 Bf6 17. Na4 Qc7 {[%emt 0:03:44] [#]} 18. c4 $146 ({Predecessor:} 18. Be3 Rb8 19. Ra2 exf4 20. Bxf4 Be5 21. b3 Bxf4 22. Rxf4 Nf6 23. Qd4 Re8 24. Nc3 {½-½ (32) Blanco Gramajo,C (2498)-Cuadrado Wentwort Hyde,G (2472) ICCF email 2002}) 18... Nb6 ({Black should try} 18... Rb8 $11) 19. Be3 (19. b4 {seems wilder.} e4 20. Be3 Nxc4 21. Qc2) 19... Nxa4 (19... Nxc4 $2 20. Qc2 $18) 20. Qxa4 exf4 21. Bxf4 Bxb2 22. Qb4 $2 Be5 $4 (22... Bxa1 $19 {avoids the disaster.} 23. Rxa1 Rf6) 23. Bxe5 $18 dxe5 24. c5 e4 25. Qd4 {[%emt 0:03:54] Inhibits Qe5.} Kh8 26. Rab1 Rd8 $2 (26... Bb7 {keeps fighting.} 27. c6 Bc8 28. Qxe4 a5) 27. d6 Qa7 28. Qd5 Bd7 29. c6 (29. Rb7 $142) 29... Qe3 (29... Bxc6 30. Qxc6 Qd7 31. Qxd7 Rxd7 32. Rxf5 Rxd6) 30. Bc4 {[%emt 0:03:20] [#] And now c7 would win.} f4 31. cxd7 {[%emt 0:00:38] White threatens Rb3 and mate.} f3 32. gxf3 exf3 33. Rxf3 Qh6 34. Rbf1 Rab8 35. Qe6 (35. Qe5 $142 Qg6 36. Bd3 Rg8 37. Bxg6 h6 38. Rh3 Rgf8 39. Rxh6+ Kg8 40. Qe6+ Rf7 41. Qxf7#) 35... Qh5 36. Qe7 {[%emt 0:00:21] Weighted Error Value: White=0.71/Black=0.98} 1-0